 Dungeon Crawl Stone Soup version 0.30.1-9-gdf580d7c3d (webtiles) character file.

Game seed: 2032667285051013106

1231 fastbyo12 the Digger (level 8, -9/41 HPs)
             Began as a Gargoyle Earth Elementalist on Oct 17, 2023.
             Mangled by an ogre
             ... wielding a +0 giant club
              (31 damage)
             ... on level 6 of the Dungeon on Oct 18, 2023.
             The game lasted 00:28:07 (11655 turns).

fastbyo12 the Digger (Gargoyle Earth Elementalist) Turns: 11655, Time: 00:28:09

Health: -9/41      AC: 13    Str:  9 (11) XL:     8   Next: 48%
Magic:  14/14      EV: 12    Int: 16 (19) God:
Gold:   178        SH:  0    Dex:  8 (10) Spells: 11/15 levels left

rFire   + . .        m - +8 flail of Fiothruv {heavy, rF+}
rCold   . . .        (no shield)
rNeg    + . .        a - +0 robe
rPois   ∞            y - +0 helmet
rElec   +            (no cloak)
rCorr   .            x - +0 pair of gloves
SInv    .            (no boots)
Will    .....        (no amulet)
Stlth   +++          v - +4 ring of protection
HPRegen 0.26/turn    (no ring)
MPRegen 0.14/turn

%: no passive effects
@: no status effects
A: sickness immunity, AC +5, negative energy resistance 1, electricity
resistance, torment resistance 1, petrification resistance
a: no special abilities


You were on level 6 of the Dungeon.
You visited 1 branch of the dungeon, and saw 6 of its levels.
You also visited: Sewer.

You collected 178 gold pieces.

Inventory:

Hand Weapons
 i - a +2 dagger of holy wrath
 m - the +8 flail of Fiothruv (weapon) {heavy, rF+}
   (You found it on level 2 of the Dungeon)

   rF:        It protects you from fire.
 C - a +0 dire flail of holy wrath
 D - a +7 dire flail of holy wrath
Armour
 a - a +0 robe (worn)
 x - a +0 pair of gloves (worn)
 y - a +0 helmet (worn)
Jewellery
 v - a +4 ring of protection (left hand)
Wands
 A - a wand of paralysis (7)
 F - a wand of acid (8)
Scrolls
 c - a scroll of vulnerability {unknown}
 f - 2 scrolls of enchant weapon {unknown}
 h - 2 scrolls of blinking
 k - 2 scrolls of noise
 l - 2 scrolls of torment
 n - 2 scrolls of fear {unknown}
 o - 3 scrolls of teleportation
 q - a scroll of immolation {unknown}
 r - a scroll of enchant armour {unknown}
 s - 3 scrolls of fog {unknown}
 t - 4 scrolls of identify {unknown}
 E - a scroll of poison {unknown}
Potions
 b - a potion of magic
 d - 3 potions of mutation {unknown}
 e - 4 potions of attraction {unknown}
 g - 3 potions of degeneration
 j - 2 potions of heal wounds {unknown}
 p - 2 potions of might
 u - 2 potions of flight {unknown}
 w - 2 potions of curing {unknown}
 z - a potion of ambrosia {unknown}
 B - 2 potions of cancellation {unknown}


   Skills:
 + Level 3.9 Dodging
 + Level 5.6 Stealth
 + Level 4.4 Spellcasting
 + Level 3.6 Transmutations
 + Level 6.4 Earth Magic


You had 11 spell levels left.
You knew the following spells:

 Your Spells              Type           Power      Damage    Failure   Level
a - Sandblast             Erth           48%        2d12      1%          1
b - Stone Arrow           Conj/Erth      26%        3d8       13%         3

Your spell library contained the following spells:

 Spells                   Type           Power      Damage    Failure   Level
 Passwall                 Tmut/Erth      15%        N/A       3%          2
 Petrify                  Tmut/Erth      19%        N/A       21%         4
 Portal Projectile        Hex/Tloc       6%         N/A       43%         3
 Tukima's Dance           Hex            3%         N/A       43%         3
 Blade Hands              Tmut           7%         N/A       69%         5


Dungeon Overview and Level Annotations

Branches:
Dungeon (6/15)              Sewer (visited)
 Temple: D:4-7

Altars:
Gozag
Trog

Shops:
D:4 *


Innate Abilities, Weirdness & Mutations

You are immune to sickness and miasma.
Your stone body is resilient. (AC +5)
You are immune to poison.
You resist negative energy. (rN+)
You are resistant to electric shocks. (rElec)
You are resistant to unholy torment.
You are immune to petrification.


Message History

The ogre is lightly wounded.
The ogre closely misses you.
You can't go down here!
You climb upwards.
There is a stone staircase leading down here.
The ogre hits you but does no damage.
There is a stone staircase leading down here.
Magic restored.
The ogre hits you with a +0 giant club!!
Ouch! That really hurt!
* * * LOW HITPOINT WARNING * * *
You climb downwards.
There is a stone staircase leading up here.
Aiming: Paralyse
Press: ? - help, Q - select action, (/) - cycle Shift-Dir - straight line, f - ogre
Aim: an ogre, wielding a +0 giant club (lightly wounded, chance to affect: 49%)
The ogre suddenly stops moving!
You are too injured to fight recklessly!
You are too injured to fight recklessly!
You are too injured to fight recklessly!
You are too injured to fight recklessly!
You can't go down here!
You climb upwards.
There is a stone staircase leading down here.
You start resting.
HP restored.
You start waiting.
Done waiting.
You start waiting.
Done waiting.
You climb downwards.
The ogre hits you with a +0 giant club!!
There is a stone staircase leading up here.
Aiming: Paralyse
Press: ? - help, Q - select action, (/) - cycle Shift-Dir - straight line, f - ogre
Aim: an ogre, wielding a +0 giant club (chance to affect: 49%)
The ogre resists with some effort.
The ogre hits you with a +0 giant club!!
Ouch! That really hurt!
You die...

.......<.'....#
#####....####'# ####
...##....##...####...##
..........#...........#
..........#...........#
..........#...........#
.........#..#...##+###
#############...##...##
#...O@.....####
#..............
#..........#..##
#..........#...#.
#....##..#...#...
#.#####....#...# .. ##
#....###.###.##
#.....#...#...#
#...#...#... .#


You could see an ogre.

Vanquished Creatures
  Edmund (D:6)
  An orc warrior (D:6)
  2 black bears (D:5)
  A phantom (D:6)
  Blork the orc (D:4)
  4 scorpions
  A jelly (D:5)
  A hound (D:4)
  A gnoll bouda (D:5)
  3 iguanas
  An orc wizard (D:3)
  A sleepcap (D:5)
  3 gnolls (D:5)
  2 river rats (Sewer)
  7 adders
  6 worms
  3 dart slugs
  10 orcs
  5 ball pythons
  2 endoplasms
  4 giant cockroaches
  6 goblins
  7 hobgoblins
  9 jackals
  12 kobolds
  6 bats
  7 frilled lizards
  16 rats
123 creatures vanquished.

Notes
Turn   | Place    | Note
-------+----------+-------------------------------------------
     0 | D:1      | fastbyo12 the Gargoyle Earth Elementalist began the quest
                  | for the Orb.
     0 | D:1      | Reached XP level 1. HP: 10/10 MP: 3/3
   121 | D:1      | Found a faded altar of an unknown god.
   214 | D:1      | Reached skill level 1 in Transmutations
   214 | D:1      | Reached XP level 2. HP: 15/15 MP: 0/5
  1084 | D:2      | Reached XP level 3. HP: 19/19 MP: 4/6
  1182 | D:2      | Reached skill level 4 in Earth Magic
  1423 | D:2      | Identified the +8 flail of Fiothruv {heavy, rF+}
  1497 | D:2      | Reached XP level 4. HP: 16/24 MP: 3/7
  2213 | D:3      | Found a glowing drain.
  2217 | Sewer    | Entered a sewer
  3143 | D:3      | Reached XP level 5. HP: 28/28 MP: 6/8
  3707 | D:3      | Learned a level 3 spell: Stone Arrow
  3842 | D:4      | Noticed Blork the orc
  3861 | D:4      | HP: 1/28 [Blork the orc/puff of frost (8)]
  4156 | D:4      | Found an opulent altar of Gozag.
  4161 | D:4      | Found Gozag's Platinum Reserve.
  4258 | D:4      | Killed Blork the orc
  4259 | D:4      | Reached XP level 6. HP: 14/32 MP: 6/10
  4470 | D:4      | Reached skill level 5 in Earth Magic
  4598 | D:4      | Noticed a moth of wrath
  4601 | D:4      | Found a bloodstained altar of Trog.
  5011 | D:5      | Entered Level 5 of the Dungeon
  5162 | D:5      | Reached XP level 7. HP: 36/36 MP: 8/12
  5756 | D:5      | Reached skill level 5 in Stealth
  5756 | D:5      | Reached XP level 8. HP: 41/41 MP: 11/14
  6329 | D:6      | Reached skill level 6 in Earth Magic
  6385 | D:6      | Noticed Edmund
  6396 | D:6      | Killed Edmund
 11655 | D:6      | Mangled by an ogre

Illustrated notes

Levels and vault maps discovered:
D:1:      sevenhm_arrival_forest_fort_small_5, layout_basic,
          shapermc_ecumenical_altar_notcrosses
D:2:      layout_loops_ring, minmay_tree_intersection, minmay_tetromino_i4
D:3:      layout_basic, gup_sewer_entry_bowl, minmay_misc_feat_room
D:4:      layout_basic, nicolae_gozag_zags_fifth_avenue, tgw_trog,
          uniq_blork_the_orc
D:5:      layout_gridville
D:6:      layout_gridville, minmay_temple_entry_hall,
          minmay_misc_feat_diagonals, minmay_misc_feat_four_crosses, uniq_edmund

Skill      XL: |  1  2  3  4  5  6  7  8 |
---------------+-------------------------+-----
Transmutations | 1 2 3 |  3.6
Earth Magic    | 4 5 6 |  6.4
Dodging        | 2 3 |  3.9
Stealth        | 3 4 5 |  5.6
Spellcasting   | 3 4 |  4.4

Action                     |  1- 3 |  4- 6 |  7- 9 || total
---------------------------+-------+-------+-------++-------
  Melee: Unarmed           |    26 |       |       ||    26
         Flail             |    10 |    12 |    42 ||    64
         Punch             |       |     1 |       ||     1
   Cast: Sandblast         |    40 |   102 |    33 ||   175
  Evoke: Wand              |       |       |     2 ||     2
    Use: Scroll            |       |     3 |     1 ||     4
         Potion            |       |       |     2 ||     2
 Armour: Robe              |    22 |    35 |    45 ||   102
  Dodge: Dodged            |    45 |    62 |    66 ||   173
